 Dungeon Crawl Stone Soup version 0.23-a0-741-g38971ea054 (webtiles) character file.

142 LLavrengius the Cutter (level 5, -4/36 HPs)
             Began as an Octopode Fighter on Jan 18, 2019.
             Slain by a sky beast (5 damage)
             ... on level 3 of the Dungeon.
             The game lasted 00:04:41 (2197 turns).

LLavrengius the Cutter (Octopode Fighter)           Turns: 2197, Time: 00:04:42

Health: -4/36      AC:  1    Str: 15    XL:     5   Next: 24%
Magic:  5/5        EV:  8    Int: 11    God:
Gold:   144        SH:  9    Dex: 12    Spells: 4/4 levels left

rFire    . . .     SeeInvis .   a - +1 rapier
rCold    . . .     Gourm    .   b - +1 shield
rNeg     . . .     Faith    .   (helmet restricted)
rPois    .         Spirit   .   (no amulet)
rElec    .         Reflect  .   i - -3 ring of evasion (curse)
rCorr    .         Harm     .   (no ring)
MR       .....                  (no ring)
Stlth    +++.......             (no ring)
HPRegen  0.12/turn              (no ring)
MPRegen  0.09/turn              (no ring)
                                (no ring)
                                (no ring)

@: no status effects
A: almost no armour, stealthy swim, amphibious, 8 rings, constrict 8, camouflage
1, gelatinous body 1
a: no special abilities


You were on level 3 of the Dungeon.
You were not hungry.

You visited 1 branch of the dungeon, and saw 3 of its levels.

You collected 144 gold pieces.

Inventory:

Hand Weapons
 a - a +1 rapier (weapon)
 q - a +0 spear
Armour
 b - a +1 shield (worn)
Jewellery
 i - a cursed -3 ring of evasion (left tentacle)
Scrolls
 f - 2 scrolls of enchant armour
 j - 3 scrolls of teleportation
 m - a scroll of identify
Potions
 c - 3 potions of might
 g - a potion of resistance
 k - a potion of heal wounds {unknown}
 n - a potion of agility {unknown}
 p - a potion of brilliance {unknown}
 r - a potion of invisibility {unknown}
Comestibles
 d - 5 rations
 l - 2 chunks of flesh


   Skills:
 - Level 3.0 Fighting
 + Level 4.3 Short Blades
 - Level 3.0 Dodging
 - Level 4.0 Stealth
 - Level 3.0 Shields


You had 4 spell levels left.
You didn't know any spells.
Your spell library was empty.

Dungeon Overview and Level Annotations

Branches:
Dungeon (3/15)

Altars:
Cheibriados


Innate Abilities, Weirdness & Mutations

You cannot wear most types of armour.
You are very stealthy in the water. (Stealth+)
You are amphibious.
You can wear up to eight rings at the same time.
You can use your tentacles to constrict eight enemies at once.
Your skin changes colour to match your surroundings (Stealth+).
Your rubbery body absorbs attacks. (AC +1, EV +1)


Message History

A quokka, a sky beast, a goblin and a hobgoblin come into view.
Found a glowing spear.
You are too injured to fight recklessly!
A leopard gecko comes into view.
Found a scroll of enchant armour.
The helpless goblin fails to defend itself.
You impale the goblin!!
You kill the goblin!
The helpless orc fails to defend itself.
You impale the orc!!
You kill the orc!
The hobgoblin shouts!
You hear a shout!
The sky beast hits you. The sky beast shocks you.
* * * LOW HITPOINT WARNING * * *
You hit the sky beast but do no damage. The sky beast hits you.
* * * LOW HITPOINT WARNING * * *
The sky beast shocks you.
* * * LOW HITPOINT WARNING * * *
You closely miss the sky beast. The sky beast hits you.
You die...

# #...## #. ###.#.. #
.. #...... #. .#
#.#$.. #.
)##....########### #r
g.###......#....#.#
#.#).?#.####.#).....#
#)Y###[<..)......#
#.##@...#####.#####
#l #.#.......... ..
#........#...# .#
#...###.....#..... #
#.#. #.....#...... #
.. .............# ...
......#......# ...
.###### % #.


You could see a sky beast, a quokka and a hobgoblin.

Vanquished Creatures
  A killer bee zombie (D:2)
  4 gnolls (D:2)
  2 adders (D:2)
  A worm (D:2)
  2 dart slugs
  A leopard gecko (D:1)
  4 orcs (D:3)
  3 giant cockroaches
  6 goblins
  5 hobgoblins
  3 jackals (D:2)
  5 bats
  2 frilled lizards
  8 kobolds
  8 rats
55 creatures vanquished.

Notes
Turn   | Place    | Note
-------+----------+-------------------------------------------
     0 | D:1      | LLavrengius the Octopode Fighter began the quest for the
                  | Orb.
     0 | D:1      | Reached XP level 1. HP: 16/16 MP: 1/1
    59 | D:1      | Found a snail-covered altar of Cheibriados.
   181 | D:1      | Reached skill level 1 in Stealth
   244 | D:1      | Reached XP level 2. HP: 6/21 MP: 2/2
   698 | D:1      | Reached XP level 3. HP: 26/26 MP: 3/3
  1274 | D:2      | Reached XP level 4. HP: 19/31 MP: 4/4
  1788 | D:2      | Reached XP level 5. HP: 36/36 MP: 5/5
  2191 | D:3      | Noticed a sky beast
  2196 | D:3      | HP: 1/36 [sky beast (5)]
  2197 | D:3      | Slain by a sky beast

Vault maps used:
D:1:      scummos_arrival_simple_crosswalls, cheibriados_altar_1
D:3:      portal_sewer_entry_d, first_ration, columned_hall_lemuel,
          minmay_strange_pillars, minmay_starry_boxes

Skill      XL: |  1  2  3  4 |
---------------+-------------+-----
Stealth        | 1 2 3 4 |  4.0
Short Blades   | 3 4 |  4.3
Fighting       | |  3.0
Dodging        | |  3.0
Shields        | |  3.0

Action                   |  1- 3 |  4- 6 || total
-------------------------+-------+-------++-------
Melee: Rapier            |    67 |    37 ||   104
       Constrict         |    21 |     9 ||    30
       Tentacles         |    14 |     3 ||    17
  Use: Scroll            |       |     6 ||     6
 Stab: Sleeping          |     9 |     4 ||    13
  Eat: Chunk             |     1 |     3 ||     4
Armor: Skin              |     4 |     1 ||     5
Dodge: Dodged            |    21 |    14 ||    35
Block: Shield            |    17 |     8 ||    25

Table legend:
 A = Non-vault XP
 B = Vault XP
 C = Vault XP percentage of total XP
 D = Non-vault monster count
 E = Vault monster count
 F = Vault count percentage of total count
                 A         B        C        D         E       F
            +---------+---------+-------+---------+---------+-------
      Total |     198 |       5 |   2.5 |      53 |       2 |   3.6
            +---------+---------+-------+---------+---------+-------
        D:1 |      42 |       0 |   0.0 |      26 |       0 |   0.0
        D:2 |     144 |       0 |   0.0 |      22 |       0 |   0.0
        D:3 |      12 |       5 |  29.4 |       5 |       2 |  28.6
            +---------+---------+-------+---------+---------+-------
